TOP OF THE 1ST |
Cincinnati Reds batting - Pitching for Houston Astros : LHP Craig Lefferts
|
Pitching: LHP Craig Lefferts
|
|
Batting: RHB Jim Anderson
|
0-0: Ball 1-0: Foul Ball, location: 2F 1-1: Foul Ball, location: 2F 1-2: Strikes out swinging
|
Batting: RHB Nick Deurloo
|
0-0: Foul Ball, location: 2F 0-1: Swinging Strike 0-2: Foul Ball, location: 2F 0-2: Ball 1-2: Strikes out swinging
|
Batting: LHB Mike Easler
|
0-0: Fly out, F9 (Line Drive, 9, EV 89.4 MPH)
|
Top of the 1st over - 0 runs, 0 hits, 0 errors, 0 left on base; Cincinnati 0 - Houston 0 |
BOTTOM OF THE 1ST |
Houston Astros batting - Pitching for Cincinnati Reds : LHP Doug Rau
|
Pitching: LHP Doug Rau
|
|
Batting: RHB Mickey Hatcher
|
0-0: Ground out 4-3 (Groundball, 4, EV 90.0 MPH)
|
Batting: RHB John Castino
|
0-0: Ball 1-0: Foul Ball, location: 2F 1-1: Ball 2-1: Ball 3-1: Called Strike 3-2: Ground out 5-3 (Groundball, 56, EV 101.9 MPH)
|
Batting: RHB Julio Franco
|
0-0: Fly out, F8 (Flyball, 8LM, EV 85.6 MPH)
|
Bottom of the 1st over - 0 runs, 0 hits, 0 errors, 0 left on base; Cincinnati 0 - Houston 0 |
TOP OF THE 2ND |
Cincinnati Reds batting - Pitching for Houston Astros : LHP Craig Lefferts
|
Batting: RHB Johnny Bench
|
0-0: Ball 1-0: SOLO HOME RUN (Flyball, 78XD, EV 93.8 MPH), Distance : 399 ft
|
Batting: LHB Darrell Evans
|
0-0: Called Strike 0-1: SINGLE (Groundball, 23, EV 65.6 MPH) (infield hit)
|
Batting: RHB Gary Matthews
|
0-0: Called Strike 0-1: Ball 1-1: SINGLE (Line Drive, 4M, EV 107.5 MPH) Darrell Evans to second
|
Batting: RHB Bill Melton
|
0-0: Called Strike 0-1: Bunted foul 0-2: Ball 1-2: Foul Ball, location: 2F 1-2: Strikes out swinging
|
Batting: RHB Ramon Borrero
|
0-0: Ball 1-0: Called Strike 1-1: Foul Ball, location: 2F 1-2: Fielders Choice at 2nd, 4-6 (Groundball, 4S, EV 92.5 MPH) Darrell Evans to third
|
Batting: LHB Doug Rau
|
0-0: Ball 1-0: Ball 2-0: Ball Wild Pitch! Darrell Evans scores Ramon Borrero to second 3-0: Called Strike 3-1: Foul Ball, location: 2F 3-2: Strikes out looking
|
Top of the 2nd over - 2 runs, 3 hits, 0 errors, 1 left on base; Cincinnati 2 - Houston 0 |
BOTTOM OF THE 2ND |
Houston Astros batting - Pitching for Cincinnati Reds : LHP Doug Rau
|
Batting: RHB Zail Smith
|
0-0: Called Strike 0-1: Foul Ball, location: 2F 0-2: Ball 1-2: Ball 2-2: Fly out, F8 (Line Drive, 8RM, EV 99.4 MPH)
|
Batting: LHB Jose Cruz
|
0-0: Ball 1-0: Swinging Strike 1-1: Ball 2-1: Ground out 4-3 (Groundball, 4, EV 84.4 MPH)
|
Batting: SHB Bill D Doran
|
0-0: Fly out, F4 (Popup, 3S, EV 77.5 MPH)
|
Bottom of the 2nd over - 0 runs, 0 hits, 0 errors, 0 left on base; Cincinnati 2 - Houston 0 |
TOP OF THE 3RD |
Cincinnati Reds batting - Pitching for Houston Astros : LHP Craig Lefferts
|
Batting: RHB Jim Anderson
|
0-0: Called Strike 0-1: Ball 1-1: Ball 2-1: Ball 3-1: Foul Ball, location: 2F 3-2: Ground out 6-3 (Groundball, 6, EV 91.9 MPH)
|
Batting: RHB Nick Deurloo
|
0-0: SINGLE (Line Drive, 89S, EV 93.8 MPH)
|
Batting: LHB Mike Easler
|
0-0: Ball 1-0: Called Strike 1-1: Ball 2-1: SINGLE (Popup, 4, EV 69.4 MPH) Nick Deurloo to second
|
Batting: RHB Johnny Bench
|
0-0: Ball 1-0: Ball Nick Deurloo steals 3rd base (no throw) 2-0: SINGLE (Line Drive, 9S, EV 98.8 MPH) Nick Deurloo scores Mike Easler to second
|
Batting: LHB Darrell Evans
|
0-0: Ball 1-0: Fly out, F6 (Popup, 6M, EV 57.5 MPH)
|
Batting: RHB Gary Matthews
|
0-0: Ball 1-0: Ball 2-0: Fly out, F3 (Popup, 3, EV 66.9 MPH)
|
Top of the 3rd over - 1 run, 3 hits, 0 errors, 2 left on base; Cincinnati 3 - Houston 0 |
BOTTOM OF THE 3RD |
Houston Astros batting - Pitching for Cincinnati Reds : LHP Doug Rau
|
Batting: LHB George Vukovich
|
0-0: Ball 1-0: Ball 2-0: Ball 3-0: Called Strike 3-1: Ground out 1-3 (Groundball, 15S, EV 70.0 MPH)
|
Batting: RHB Dave Valle
|
0-0: Called Strike 0-1: Fly out, F8 (Flyball, 8RM, EV 79.4 MPH)
|
Batting: LHB Craig Lefferts
|
0-0: Ball 1-0: Foul Ball, location: 2F 1-1: Ball 2-1: Called Strike 2-2: Ball 3-2: Strikes out swinging
|
Bottom of the 3rd over - 0 runs, 0 hits, 0 errors, 0 left on base; Cincinnati 3 - Houston 0 |
TOP OF THE 4TH |
Cincinnati Reds batting - Pitching for Houston Astros : LHP Craig Lefferts
|
Batting: RHB Bill Melton
|
0-0: Called Strike 0-1: Swinging Strike 0-2: Ball 1-2: Foul Ball, location: 2F 1-2: Ground out 5-3 (Groundball, 56S, EV 69.4 MPH)
|
Batting: RHB Ramon Borrero
|
0-0: Ball 1-0: SINGLE (Line Drive, 8LS, EV 93.8 MPH)
|
Batting: LHB Doug Rau
|
0-0: Ball 1-0: Sac Bunt to 2L - play at first, batter OUT! 2-4 Ramon Borrero to second
|
Batting: RHB Jim Anderson
|
0-0: Foul Ball, location: 2F 0-1: Swinging Strike 0-2: Ball 1-2: Strikes out swinging
|
Top of the 4th over - 0 runs, 1 hit, 0 errors, 1 left on base; Cincinnati 3 - Houston 0 |
BOTTOM OF THE 4TH |
Houston Astros batting - Pitching for Cincinnati Reds : LHP Doug Rau
|
Batting: RHB Mickey Hatcher
|
0-0: Foul Ball, location: 2F 0-1: Ball 1-1: Ball 2-1: Fly out, F8 (Flyball, 8RS, EV 88.8 MPH)
|
Batting: RHB John Castino
|
0-0: Ball 1-0: Swinging Strike 1-1: Ball 2-1: Swinging Strike 2-2: Ball 3-2: Foul Ball, location: 2F 3-2: Fly out, F9 (Flyball, 9D, EV 100.6 MPH)
|
Batting: RHB Julio Franco
|
0-0: Ball 1-0: Ball 2-0: Ground out 6-3 (Groundball, 6S, EV 64.4 MPH)
|
Bottom of the 4th over - 0 runs, 0 hits, 0 errors, 0 left on base; Cincinnati 3 - Houston 0 |
TOP OF THE 5TH |
Cincinnati Reds batting - Pitching for Houston Astros : LHP Craig Lefferts
|
Batting: RHB Nick Deurloo
|
0-0: Called Strike 0-1: Foul Ball, location: 2F 0-2: Strikes out swinging
|
Batting: LHB Mike Easler
|
0-0: Ground out 4-3 (Groundball, 4, EV 103.8 MPH)
|
Batting: RHB Johnny Bench
|
0-0: Ball 1-0: SINGLE (Line Drive, 4D, EV 100.0 MPH)
|
Batting: LHB Darrell Evans
|
0-0: Swinging Strike 0-1: Swinging Strike 0-2: Strikes out swinging
|
Top of the 5th over - 0 runs, 1 hit, 0 errors, 1 left on base; Cincinnati 3 - Houston 0 |
BOTTOM OF THE 5TH |
Houston Astros batting - Pitching for Cincinnati Reds : LHP Doug Rau
|
Batting: RHB Zail Smith
|
0-0: Called Strike 0-1: Ball 1-1: Ball 2-1: Fly out, F3 (Popup, 23F, EV 86.9 MPH)
|
Batting: LHB Jose Cruz
|
0-0: Ball 1-0: Ground out 4-3 (Groundball, 4, EV 91.9 MPH)
|
Batting: SHB Bill D Doran
|
0-0: Ground out 4-3 (Groundball, 4, EV 84.4 MPH)
|
Bottom of the 5th over - 0 runs, 0 hits, 0 errors, 0 left on base; Cincinnati 3 - Houston 0 |
TOP OF THE 6TH |
Cincinnati Reds batting - Pitching for Houston Astros : LHP Craig Lefferts
|
Batting: RHB Gary Matthews
|
0-0: Ball 1-0: Swinging Strike 1-1: Ball 2-1: SOLO HOME RUN (Flyball, 78XD, EV 91.9 MPH), Distance : 396 ft
|
Batting: RHB Bill Melton
|
0-0: Swinging Strike 0-1: Ball 1-1: Ground out 4-3 (Groundball, 4, EV 101.3 MPH)
|
Batting: RHB Ramon Borrero
|
0-0: Fly out, F8 (Flyball, 89D, EV 94.4 MPH)
|
Batting: LHB Doug Rau
|
0-0: Swinging Strike 0-1: Ball 1-1: Called Strike 1-2: Fly out, F8 (Line Drive, 8LM, EV 93.8 MPH)
|
Top of the 6th over - 1 run, 1 hit, 0 errors, 0 left on base; Cincinnati 4 - Houston 0 |
BOTTOM OF THE 6TH |
Houston Astros batting - Pitching for Cincinnati Reds : LHP Doug Rau
|
Batting: LHB George Vukovich
|
0-0: Foul Ball, location: 2F 0-1: Swinging Strike 0-2: Fly out, F9 (Line Drive, 9, EV 97.5 MPH)
|
Batting: RHB Dave Valle
|
0-0: Called Strike 0-1: Ball 1-1: Called Strike 1-2: Strikes out swinging
|
Batting: LHB Craig Lefferts
|
0-0: Ball 1-0: Fly out, F7 (Flyball, 7D, EV 107.5 MPH)
|
Bottom of the 6th over - 0 runs, 0 hits, 0 errors, 0 left on base; Cincinnati 4 - Houston 0 |
TOP OF THE 7TH |
Cincinnati Reds batting - Pitching for Houston Astros : LHP Craig Lefferts
|
Batting: RHB Jim Anderson
|
0-0: Called Strike 0-1: Ball 1-1: Ground out 6-3 (Groundball, 56, EV 90.6 MPH)
|
Batting: RHB Nick Deurloo
|
0-0: Fly out, F4 (Line Drive, 4, EV 70.0 MPH)
|
Batting: LHB Mike Easler
|
0-0: Swinging Strike 0-1: Fly out, F4 (Popup, 34D, EV 50.0 MPH)
|
Top of the 7th over - 0 runs, 0 hits, 0 errors, 0 left on base; Cincinnati 4 - Houston 0 |
BOTTOM OF THE 7TH |
Houston Astros batting - Pitching for Cincinnati Reds : LHP Doug Rau
|
Batting: RHB Mickey Hatcher
|
0-0: Ball 1-0: Called Strike 1-1: Foul Ball, location: 2F 1-2: Ground out 4-3 (Groundball, 34, EV 76.3 MPH)
|
Batting: RHB John Castino
|
0-0: Ball 1-0: Foul Ball, location: 2F 1-1: Ball 2-1: Ball 3-1: Fly out, F7 (Line Drive, 7LS, EV 100.0 MPH)
|
Batting: RHB Julio Franco
|
0-0: Fly out, F9 (Flyball, 9D, EV 106.9 MPH)
|
Bottom of the 7th over - 0 runs, 0 hits, 0 errors, 0 left on base; Cincinnati 4 - Houston 0 |
TOP OF THE 8TH |
Cincinnati Reds batting - Pitching for Houston Astros : LHP Craig Lefferts
|
Batting: RHB Johnny Bench
|
0-0: Ball 1-0: DOUBLE (Line Drive, 78D, EV 108.1 MPH)
|
Batting: LHB Darrell Evans
|
0-0: Foul Ball, location: 2F 0-1: Foul Ball, location: 2F 0-2: Ball 1-2: Ball 2-2: Foul Ball, location: 2F 2-2: Ball 3-2: Fly out, F7 (Flyball, 7LS, EV 89.4 MPH)
|
Batting: RHB Gary Matthews
|
0-0: Called Strike 0-1: Ball 1-1: Ball 2-1: Swinging Strike 2-2: Strikes out swinging
|
Batting: RHB Bill Melton
|
0-0: Ball 1-0: Ball 2-0: Called Strike 2-1: Foul Ball, location: 2F 2-2: Foul Ball, location: 2F 2-2: Ball 3-2: Fly out, F9 (Flyball, 9LS, EV 91.3 MPH)
|
Top of the 8th over - 0 runs, 1 hit, 0 errors, 1 left on base; Cincinnati 4 - Houston 0 |
BOTTOM OF THE 8TH |
Houston Astros batting - Pitching for Cincinnati Reds : LHP Doug Rau
|
Batting: RHB Zail Smith
|
0-0: Ball 1-0: Ball 2-0: Called Strike 2-1: Fly out, F8 (Flyball, 8RD, EV 93.8 MPH)
|
Batting: LHB Jose Cruz
|
0-0: Ball 1-0: Ball 2-0: Ball 3-0: Foul Ball, location: 2F 3-1: Foul Ball, location: 2F 3-2: Fly out, F7 (Flyball, 7S, EV 90.0 MPH)
|
Batting: SHB Bill D Doran
|
0-0: Ball 1-0: Ball 2-0: Ball 3-0: Base on Balls
|
Batting: LHB George Vukovich
|
0-0: Fly out, F4 (Line Drive, 4, EV 65.6 MPH)
|
Bottom of the 8th over - 0 runs, 0 hits, 0 errors, 1 left on base; Cincinnati 4 - Houston 0 |
TOP OF THE 9TH |
Cincinnati Reds batting - Pitching for Houston Astros : LHP Craig Lefferts
|
Batting: RHB Ramon Borrero
|
0-0: Ground out 1-3 (Groundball, 13S, EV 68.8 MPH)
|
Batting: LHB Doug Rau
|
0-0: Called Strike 0-1: Called Strike 0-2: Strikes out swinging
|
Batting: RHB Jim Anderson
|
0-0: Ball 1-0: Called Strike 1-1: Fly out, F8 (Flyball, 8LS, EV 88.8 MPH)
|
Top of the 9th over - 0 runs, 0 hits, 0 errors, 0 left on base; Cincinnati 4 - Houston 0 |
BOTTOM OF THE 9TH |
Houston Astros batting - Pitching for Cincinnati Reds : LHP Doug Rau
|
Batting: RHB Dave Valle
|
0-0: Called Strike 0-1: Ball 1-1: Ball 2-1: Ball 3-1: Foul Ball, location: 2F 3-2: SINGLE (Line Drive, 4D, EV 95.6 MPH)
|
Pinch Hitting: SHB Tom Herr
|
0-0: Foul Ball, location: 2F 0-1: Ball 1-1: Ball 2-1: 2-RUN HOME RUN (Flyball, 78XD, EV 105.0 MPH), Distance : 401 ft
|
Batting: RHB Mickey Hatcher
|
0-0: Ball 1-0: Ground out 6-3 (Groundball, 6, EV 104.4 MPH)
|
Batting: RHB John Castino
|
0-0: Foul Ball, location: 2F 0-1: Fly out, F5 (Popup, 5SF, EV 86.9 MPH)
|
Batting: RHB Julio Franco
|
0-0: Called Strike 0-1: Ball 1-1: Ground out 5-3 (Groundball, 56, EV 84.4 MPH)
|
Bottom of the 9th over - 2 runs, 2 hits, 0 errors, 0 left on base; Cincinnati 4 - Houston 2 |
|